 Dungeon Crawl Stone Soup version 0.31-a0-988-g08d55dae12 (webtiles) character file.

Game seed: 573378250681009415

86 BinkBink the Covered (level 4, -8/29 HPs)
             Began as a Gargoyle Fighter on Nov 5, 2023.
             Mangled by a gnoll
             ... wielding a +0 halberd
              (10 damage)
             ... on level 2 of the Dungeon.
             The game lasted 00:01:33 (1116 turns).

BinkBink the Covered (Gargoyle Fighter)             Turns: 1116, Time: 00:01:35

Health: -8/29      AC: 10    Str: 19    XL:     4   Next: 49%
Magic:  4/4        EV:  9    Int:  9    God:
Gold:   34         SH:  4    Dex: 11    Spells: 3/3 levels left

rFire   . . .        a - +0 flail
rCold   . . .        c - +0 buckler
rNeg    + . .        b - +0 scale mail
rPois   ∞            (no helmet)
rElec   +            (no cloak)
rCorr   .            (no gloves)
SInv    .            (no boots)
Will    .....        (no amulet) Stlth
                     (no ring)
HPRegen 0.24/turn    (no ring)
MPRegen 0.09/turn

%: no passive effects
@: no status effects
A: sickness immunity, AC +3, negative energy resistance 1, electricity
resistance, torment resistance 1, petrification resistance
a: no special abilities


You were on level 2 of the Dungeon.
You visited 1 branch of the dungeon, and saw 2 of its levels.

You collected 34 gold pieces.

Inventory:

Hand Weapons
 a - a +0 flail (weapon)
Armour
 b - a +0 scale mail (worn)
 c - a +0 buckler (worn)
Jewellery
 h - a +6 ring of dexterity
Scrolls
 e - a scroll of summoning {unknown}
 g - a scroll of blinking {unknown}
Potions
 d - a potion of might
 j - a potion of heal wounds {unknown}
 k - a potion of mutation {unknown}


   Skills:
 + Level 3.8 Fighting
 + Level 2.6 Maces & Flails
 + Level 3.9 Armour
 + Level 1.1 Dodging
 + Level 3.9 Shields


You had 3 spell levels left.
You didn't know any spells.
Your spell library was empty.

Dungeon Overview and Level Annotations

Branches:
Dungeon (2/15)

Altars:

Shops:
D:2 (


Innate Abilities, Weirdness & Mutations

You are immune to sickness and miasma.
Your stone body is resilient. (AC +3)
You are immune to poison.
You resist negative energy. (rN+)
You are resistant to electric shocks. (rElec)
You are resistant to unholy torment.
You are immune to petrification.


Message History

The gnoll is almost dead.
The gnoll hits you with a +0 spear. The gnoll hits you but does no damage.
You closely miss the gnoll.
The gnoll is almost dead.
You block the gnoll's attack.
You thump the gnoll!
You kill the gnoll!
The gnoll hits you but does no damage.
You hit the gnoll but do no damage. The gnoll closely misses you.
The gnoll hits you with a +0 club. The gnoll barely misses you.
You closely miss the gnoll. The gnoll hits you with a +0 club.
You block the gnoll's attack.
You barely miss the gnoll. The gnoll barely misses you. x2
You closely miss the gnoll. The gnoll barely misses you.
The gnoll hits you from afar with a +0 halberd.
The gnoll barely misses you.
You hit the gnoll.
The gnoll is lightly wounded.
The gnoll barely misses you. You block the gnoll's attack.
The gnoll hits you from afar with a +0 halberd!
* * * LOW HITPOINT WARNING * * *
You hit the gnoll.
The gnoll is heavily wounded.
The gnoll hits you with a +0 club.
* * * LOW HITPOINT WARNING * * *
The gnoll barely misses you.
You sock the gnoll!
You kill the gnoll!
The gnoll barely misses you.
It was a potion of lignification.
You turn into a tree.
Your +0 scale mail melds into your body.
Your roots penetrate the ground.
You block the gnoll's attack. The gnoll hits you but does no damage.
It was a potion of cancellation.
Your magical effects are unravelling.
You feel magically purged.
You feel less wooden.
Your +0 scale mail unmelds from your body.
The gnoll hits you from afar with a +0 halberd!
You die...

#.....#.....#.#.......
##.####.....#.##.#<###
#.# #######.##.#.# #.#
#>.....# ###.#
.....### ##...# ### .#
#....# .#
#.+''######.##.
#.+∩+..@)g.....
#.+''######.### #....#
######


You could see a gnoll.

Vanquished Creatures
  Terence (D:2)
  2 gnolls (D:2)
  A dart slug (D:2)
  2 endoplasms
  A giant cockroach (D:1)
  A goblin (D:1)
  7 hobgoblins
  2 jackals (D:1)
  4 quokkas
  4 ball pythons
  5 bats
  4 frilled lizards
  2 kobolds (D:1)
  A rat (D:1)
37 creatures vanquished.

Notes
Turn   | Place    | Note
-------+----------+-------------------------------------------
     0 | D:1      | BinkBink the Gargoyle Fighter began the quest for the Orb.
     0 | D:1      | Reached XP level 1. HP: 14/14 MP: 1/1
   124 | D:1      | Reached XP level 2. HP: 14/19 MP: 2/2
   507 | D:1      | Reached XP level 3. HP: 23/23 MP: 3/3
   975 | D:2      | Noticed Terence
   985 | D:2      | Killed Terence
   986 | D:2      | Reached skill level 1 in Dodging
   986 | D:2      | Reached XP level 4. HP: 19/29 MP: 4/4
  1081 | D:2      | Found Irang's Weapon Shoppe.
  1112 | D:2      | HP: 1/29 [gnoll/+0 club (2)]
  1116 | D:2      | Mangled by a gnoll

Illustrated notes

Levels and vault maps discovered:
D:1:      minmay_arrival_shattered_statue, layout_loops_ring
D:2:      layout_loops_cross, serial_shops, nicolae_shop_tiny_real_fake_doors,
          uniq_terence

Skill      XL: |  1  2  3 |
---------------+----------+-----
Dodging        | 1 |  1.1
Fighting       | |  3.8
Maces & Flails | |  2.6
Armour         | |  3.9
Shields        | |  3.9

Action                     |  1- 3 |  4- 6 || total
---------------------------+-------+-------++-------
  Melee: Flail             |   109 |    25 ||   134
    Use: Potion            |       |     2 ||     2
 Armour: Scale mail        |    81 |    20 ||   101
         Skin              |       |     1 ||     1
  Dodge: Dodged            |    74 |    14 ||    88
  Block: Buckler           |    29 |     5 ||    34

Table legend: (Time is in decaauts)
 A = Elapsed time spent in this place.
 B = Non-inter-level travel time spent in this place.
 C = Inter-level travel time spent in this place.
 D = Time resting spent in this place.
 E = Time spent auto-exploring this place.
 F = Levels seen in this place.
 G = Mean time per level.
                   A        B        C        D        E       F      G
               +--------+--------+--------+--------+--------+-----+--------+
         Total |   1158 |   1115 |     43 |      0 |    824 |   2 |  579.0 |
       Dungeon |   1158 |   1115 |     43 |      0 |    824 |   2 |  579.0 |
               +--------+--------+--------+--------+--------+-----+--------+

Top non-repeatable levels by time:
     D:1: 857 daAuts
     D:2: 301 daAuts
